Unix NetHack Version 5.0.0-0 post-release - last build May 31 2026 23:59:36 (970b52f25bf058293b47ddfd14a1e40e571c508c,branch:main).

Game began 2026-06-09 15:33:34, ended 2026-06-09 16:04:41.

Fletchius, lawful female dwarven Valkyrie

                   ---------------------------------
                   |...............................|
                   |.{.....--------- -----....----.|
                   +.. ....+  |(((|      |....|  |.|
                #  |..   ..|  |(((|      +.-.-|  |.|
               ##  |.-   -.---|...|--    |....|  |.|
                #  |.|   |.[..-|--|..-----.|..|+--.|
                ###..|   +@....(..|..|......|--....|
                # #|.-----..-----.-+-...-..%.......|
                # #|......@.|...-....|----.-|--..{.|
                # #|..--|--.|...|....|...|.|..|....|
                  #|..|...|.----|--..|...|.|..||--.|
           #      #|..|(((|..   |..|.|._.|.|..|. |.|
        ## #      #|..|(((|..   |..-.-...|.---|..|.|
    -----# #      #|..-----..-- ----.-----....----.|
    |....##########|........@......................|
    |.<.|#       ##---------------------------------
    |....#        ##
    -----

Fletchius the Skirmisher    St:18/01 Dx:14 Co:15 In:9 Wi:8 Ch:14  Lawful
Dlvl:5  $:16 HP:40(40) Pw:3(3) AC:1  Xp:4 T:1493  Satiated

Latest messages:
 What do you want to drop? [$a-eghj-lnpq or ?*] ?
 A cram ration lands on the altar.
 h - an uncursed cram ration.
 What do you want to eat? [dh or ?*] h
 This cram ration is bland.
 You finish eating the cram ration.
 You stop.  The gnomish wizard is in the way!
 You swap places with the peaceful gnomish wizard.
 The door opens.
 The door opens.
 The door opens.
 The giant rat bites!
 You hit the giant rat.
 You knock the giant rat backward with a forceful strike!
 You miss the giant rat.
 The giant rat misses!
 You kill the giant rat!
 You kill the giant rat!
 You hear someone cursing shoplifters.
 r - a wand of light.
 You hear an animal carcass being offered in sacrifice.
 The door opens.
 This door is locked.
 This door is locked.
 You hear an animal carcass being offered in sacrifice.
 You hear the chime of a cash register.
 You hear crashing rock.
 What do you want to drop? [$a-egj-lnp-r or ?*] p
 You drop a wand called teleport.
 p - a wand called teleport.
 What do you want to drop? [$a-egj-lnp-r or ?*] ?
 You drop a pick-axe.
 "Velkommen, Fletchius!  Welcome again to Htargcm's hardware store!"
 You hear a door open.
 You see here a large box (for sale, 197 zorkmids).
 You see here a magic marker (for sale, 50 zorkmids).
 "For you, esteemed lady; only 50 zorkmids for this magic marker."
 s - a magic marker (unpaid, 50 zorkmids).
 What do you want to drop? [$a-egjlnp-s or ?*] s
 You drop a magic marker (unpaid, 50 zorkmids).
 You see here a brass lantern (for sale, 12 zorkmids).
 You see here a credit card (for sale, 10 zorkmids).
 You see here a stethoscope (for sale, 75 zorkmids).
 You do not owe Htargcm anything.
 You see here an unlocked large box containing 3 items (for sale, 197 zorkmids).
 You see here a leash (for sale, 20 zorkmids).
 You see here a pick-axe.
 You hear the chime of a cash register.
 Really quit without saving? [yn] (n) y
 Do you want your possessions identified? [ynq] (y) q

Inventory:
 Coins    ('$')
  $ - 16 gold pieces
 Weapons  (')')
  b - a +0 dagger (alternate weapon; not wielded)
  a - a corroded +1 dwarvish spear
 Armor    ('[')
  c - an uncursed +3 small shield (being worn)
  l - an uncursed +0 elven mithril-coat (being worn)
 Comestibles  ('%')
  d - 2 uncursed food rations
 Rings    ('=')
  j - an uncursed ring of cold resistance
 Wands    ('/')
  r - a wand of light (0:11)
  g - a wand of light (0:10)
  p - a wand of teleportation (0:4)
 Tools    ('(')
  n - an uncursed blindfold
  q - a can of grease (0:10)
  e - an uncursed oil lamp

Fletchius the Valkyrie's attributes:

Background:
 You were a Skirmisher, a level 4 dwarven Valkyrie.
 You were lawful, on a mission for Tyr
 who was opposed by Odin (neutral) and Loki (chaotic).
 You were right-handed.
 You were in the Gnomish Mines, on level 5.
 You entered the dungeon 1493 turns ago.
 You had 99 experience points, 61 more were needed to attain level 5.

Basics:
 You had all 40 hit points.
 You had all 3 energy points (spell power).
 Your armor class was 1.
 Your wallet contained 16 zorkmids.
 Autopickup was off.

Final Characteristics:
 Your strength was 18/01 (limit:18/100).
 Your dexterity was 14 (limit:20).
 Your constitution was 15 (limit:20).
 Your intelligence was 9 (limit:16).
 Your wisdom was 8 (limit:16).
 Your charisma was 14 (limit:16).

Final Status:
 You were satiated.
 You were unencumbered.
 You were bare handed.
 You were unskilled in bare handed combat.

Final Attributes:
 You were devoutly aligned.
 You were cold resistant.
 You saw invisible.
 You were telepathic.
 You had infravision.
 You were stealthy.
 You were guarded.
 You survived.

Miscellaneous:
 You didn't encounter any bones levels.
 Total elapsed playing time was 31 minutes and 6 seconds.

Major events:
 Turn
    1: Fletchius the lawful dwarven Valkyrie entered the dungeon
  476: entered the Gnomish Mines
  629: attained the rank of Skirmisher (level 3)
 1344: reached Mine Town
 1493: quit

You didn't know any spells.

Skills:
 Fighting Skills
   bare handed combat [Unskilled]
   two weapon combat  [Unskilled]
   riding             [Unskilled]
 Weapon Skills
   dagger             [Basic]
   axe                [Unskilled]
   pick-axe           [Unskilled]
   short sword        [Unskilled]
   broadsword         [Unskilled]
   long sword         [Unskilled]
   two-handed sword   [Unskilled]
   saber              [Unskilled]
   hammer             [Unskilled]
   quarterstaff       [Unskilled]
   polearms           [Unskilled]
   spear              [Basic]
   trident            [Unskilled]
   lance              [Unskilled]
   sling              [Unskilled]
 Spellcasting Skills
   attack spells      [Unskilled]
   escape spells      [Unskilled]

Voluntary challenges:
 Character rerolling was not enabled.
 You never genocided any monsters.
 You never polymorphed an object.
 You never changed form.
 You used no wishes.
Achievements:
 You entered the Gnomish Mines.
 You attained the rank of Skirmisher.
 You entered Minetown.
 You entered a shop.
 You entered a temple.

 The Dungeons of Doom: levels 1 to 2
    Level 1:
       Some fountains.
    Level 2:
       A fountain.
       Stairs down to The Gnomish Mines.
 The Gnomish Mines: levels 3 to 5
    Level 3:
    Level 4:
    Level 5: <- You were here.
       Some shops, a temple and an altar to Tyr, some fountains.


Vanquished creatures:
  a bugbear
  a shrieker
  a gnome leader
  a little dog
  a floating eye
  2 acid blobs
  a gas spore
  3 manes
  a hobgoblin
  4 giant rats
  a yellow mold
  5 gnomes
  a gnome zombie
  a gecko
  2 jackals
  a fox
  a goblin
  a sewer rat
  3 grid bugs
  5 lichens
  2 kobold zombies
  4 newts
43 creatures vanquished.

No species were genocided or became extinct.

Farvel Fletchius the Valkyrie...

You quit in The Gnomish Mines on dungeon level 5 with 652 points,
and 16 pieces of gold, after 1493 moves.
You were level 4 with a maximum of 40 hit points when you quit.

